 Dungeon Crawl Stone Soup version 0.29.1-2-gbd0b4ee654 (webtiles) character file.

Game seed: 16020251559051227744

320 cdecastro the Frost Mage (level 6, -2/41 HPs)
             Began as a Barachi Ice Elementalist on Nov 19, 2022.
             Was a Believer of Fedhas.
             Slain by an ice beast (14 damage)
             ... on level 6 of the Dungeon.
             The game lasted 00:10:22 (4083 turns).

cdecastro the Frost Mage (Barachi Ice Elementalist) Turns: 4083, Time: 00:10:23

Health: -2/41      AC:  4    Str: 12    XL:     6   Next: 46%
Magic:  8/9        EV: 12    Int: 15    God:    Fedhas [**....]
Gold:   159        SH:  0    Dex: 12    Spells: 2/9 levels left

rFire   + . .      SeeInvis .   b - +0 spear
rCold   . . .      Faith    .   (no shield)
rNeg    . . .      Spirit   .   h - +0 robe
rPois   +          Reflect  .   x - +0 helmet
rElec   .          Harm     .   (no cloak)
rCorr   .          Rampage  .   (no gloves)
Will    .....                   q - +0 pair of boots {Fly}
Stlth   ++........              (no amulet)
HPRegen 0.13/turn               s - ring of protection from fire
MPRegen 0.11/turn               y - ring of poison resistance

@: unable to hop, flying, slow
A: amphibious, slowness 1, strong legs 1, +LOS
a: Hop, Renounce Religion, Wall of Briars


You were on level 6 of the Dungeon.
You worshipped Fedhas.
Fedhas was pleased with you.
You visited 1 branch of the dungeon, and saw 6 of its levels.

You collected 159 gold pieces.

Inventory:

Hand Weapons
 a - a +0 sling
 b - a +0 spear (weapon)
 c - a +0 dagger
Missiles
 e - 8 poisoned darts
Armour
 h - a +0 robe (worn)
 q - a +0 pair of boots of flying (worn)
 x - a +0 helmet (worn)
Magical Staves
 i - a staff of death
Jewellery
 s - a ring of protection from fire (left hand)
 y - a ring of poison resistance (right hand)
 B - an amulet of the acrobat
Wands
 w - a wand of iceblast (9)
Scrolls
 g - a scroll of torment {unknown}
 j - 2 scrolls of noise {unknown}
 k - 2 scrolls of poison {unknown}
 l - 6 scrolls of identify {unknown}
 o - a scroll of amnesia {unknown}
 p - a scroll of brand weapon {unknown}
 r - a scroll of magic mapping {unknown}
 u - 2 scrolls of fog {unknown}
 D - a scroll of teleportation {unknown}
Potions
 d - a potion of brilliance {unknown}
 f - 2 potions of attraction {unknown}
 m - a potion of magic
 n - 3 potions of might {unknown}
 t - a potion of curing {unknown}
 v - 2 potions of degeneration {unknown}
 z - 2 potions of ambrosia {unknown}
 A - 2 potions of mutation {unknown}
 C - 2 potions of flight {unknown}


   Skills:
 - Level 2.1 Dodging
 - Level 1.7 Stealth
 - Level 2.1 Spellcasting
 + Level 9.1 Ice Magic


You had 2 spell levels left.
You knew the following spells:

 Your Spells              Type           Power      Damage    Failure   Level
a - Freeze                Ice            100%       1d11      1%          1
b - Frozen Ramparts       Ice            58%        1d9       1%          3
c - Ozocubu's Armour      Ice            29%        N/A       1%          3

Your spell library contained the following spells:

 Spells                   Type           Power      Damage    Failure   Level
 Hailstorm                Conj/Ice       15%        3d5       32%         4
 Metabolic Englaciation   Hex/Ice        7%         N/A       67%         5
 Simulacrum               Ice/Necr       7%         N/A       99%         6


Dungeon Overview and Level Annotations

Branches:
Dungeon (6/15)
 Temple: D:4-7

Altars:
Fedhas
Wu Jian

Annotations:
D:3 Sigmund


Innate Abilities, Weirdness & Mutations

You are amphibious.
You cover ground slowly.
You can hop short distances.
You have an extended range of vision and can be seen from far away.


Message History

The ice beast is lightly wounded.
The ice beast hits you but does no damage.
You barely miss the ice beast.
The ice beast is lightly wounded.
The ice beast closely misses you.
You hit the ice beast but do no damage.
The ice beast is lightly wounded.
The ice beast closely misses you. The ice beast completely misses you.
You closely miss the ice beast.
The ice beast is lightly wounded.
The ice beast hits you. The ice beast freezes you!
* * * LOW HITPOINT WARNING * * *
You closely miss the ice beast.
The ice beast is lightly wounded.
The ice beast hits you but does no damage.
Okay, then.
Okay, then.
Your icy armour will break if you move.
Continue? [Y]es or [N]o only, please.
Your icy armour will break if you move.
Continue?
Okay, then.
Unknown command.
Your icy armour will break if you move.
Continue?
Your icy armour cracks and falls away as you move.
The ice beast hits you but does no damage.
The ice beast attacks as you move away! The ice beast barely misses you.
Hop to where?
Press: ? - help, Dir - move target Boing!
There is a stone staircase leading up here.
You hit the ice beast.
The ice beast is lightly wounded.
The ice beast closely misses you.
You hit the ice beast.
The ice beast is lightly wounded.
The ice beast hits you.
* * * LOW HITPOINT WARNING * * *
The ice beast freezes you!
You die...
Fedhas appreciates your contribution to the ecosystem.

### #..
####.########
#............
#@Y...#########
#.............+
#.###..#.###.##
#......#.#
#......#.#
#......#.#
#........#
#.######## #..


You could see an ice beast.

Vanquished Creatures
  4 hounds
  5 gnolls
  9 adders
  A dart slug (D:4)
  2 orcs
  3 bats
  5 endoplasms
  2 giant cockroaches
  11 goblins
  6 hobgoblins
  A quokka (D:3)
  11 ball pythons
  6 frilled lizards
  6 kobolds
  5 rats
77 creatures vanquished.

Notes
Turn   | Place    | Note
-------+----------+-------------------------------------------
     0 | D:1      | cdecastro the Barachi Ice Elementalist began the quest for
                  | the Orb.
     0 | D:1      | Reached XP level 1. HP: 13/13 MP: 3/3
    32 | D:1      | Reached skill level 5 in Ice Magic
   517 | D:1      | Reached XP level 2. HP: 15/19 MP: 1/5
   620 | D:1      | Found a faded altar of an unknown god.
   702 | D:1      | Prayed at the altar of an unknown god.
   702 | D:1      | Became a worshipper of Fedhas Madash
   702 | D:1      | Reached * piety under Fedhas
  1485 | D:2      | Reached XP level 3. HP: 24/24 MP: 6/6
  1544 | D:2      | Reached skill level 6 in Ice Magic
  1736 | D:2      | Reached ** piety under Fedhas
  2007 | D:3      | Noticed Sigmund
  2263 | D:3      | Reached skill level 7 in Ice Magic
  2263 | D:3      | Reached XP level 4. HP: 22/30 MP: 3/7
  2280 | D:3      | Reached XP level 5. HP: 7/35 MP: 0/8
  2744 | D:3      | Learned a level 3 spell: Frozen Ramparts
  2748 | D:3      | Learned a level 3 spell: Ozocubu's Armour
  2804 | D:4      | Reached skill level 8 in Ice Magic
  3363 | D:4      | Reached XP level 6. HP: 38/41 MP: 5/9
  3627 | D:4      | Reached skill level 9 in Ice Magic
  3767 | D:4      | Found an ornate altar of the Wu Jian Council.
  3996 | D:5      | Entered Level 5 of the Dungeon
  4049 | D:5      | Noticed an ice beast
  4083 | D:6      | Slain by an ice beast

Illustrated notes

Levels and vault maps discovered:
D:1:      minmay_arrival_shattered_statue, layout_basic, basic_ecumenical_altar,
          chequers_decorated_corner
D:2:      layout_basic
D:3:      layout_rooms, cheibrodos_gnoll_hut, uniq_sigmund
D:4:      layout_gridville, lemuel_doored_altar, minmay_snake_closets
D:5:      layout_loops_corners, minmay_temple_entry_mist, gup_sewer_entry_glass
D:6:      gammafunk_wand_slinger, layout_basic, enter_ossuary_1, serial_shops,
          nicolae_inconvenience_store, kennysheep_dice, uniq_grinder

Skill      XL: |  1  2  3  4  5  6 |
---------------+-------------------+-----
Ice Magic      | 5 7 8 9 |  9.1
Dodging        | |  2.1
Stealth        | |  1.7
Spellcasting   | |  2.1

Action                   |  1- 3 |  4- 6 || total
-------------------------+-------+-------++-------
Melee: Unarmed           |     8 |       ||     8
       Dagger            |     7 |       ||     7
       Spear             |       |    22 ||    22
 Fire: Sling             |    88 |    50 ||   138
 Cast: Freeze            |    34 |    30 ||    64
       Frozen Ramparts   |       |     2 ||     2
       Ozocubu's Armour  |       |     1 ||     1
 Abil: Hop               |     1 |     3 ||     4
Armor: Robe              |    12 |    21 ||    33
Dodge: Dodged            |    35 |    41 ||    76
